 Dungeon Crawl Stone Soup version 0.23.2 (webtiles) character file.

Game seed: 10948547194969231250

2181 whitewolfNL the Ducker (level 9, 0/87 HPs)
             Began as a Troll Berserker on Apr 2, 2019.
             Was an Elder of Trog.
             Succumbed to a killer bee's poison
             ... on level 7 of the Dungeon.
             The game lasted 00:31:58 (5468 turns).

whitewolfNL the Ducker (Troll Berserker)            Turns: 5468, Time: 00:31:59

Health: 0/87       AC:  6    Str: 27    XL:     9   Next: 11%
Magic:  9/9        EV: 12    Int:  3    God:    Trog [****..]
Gold:   324        SH: 10    Dex: 17    Spells: 8/8 levels left

rFire    . . .     SeeInvis .   I - -1 trident (curse)
rCold    . . .     Gourm    +   q - +0 shield
rNeg     . . .     Faith    .   B - +0 robe
rPois    .         Spirit   .   (helmet restricted)
rElec    .         Reflect  .   (no cloak)
rCorr    .         Harm     .   (gloves unavailable)
MR       .....                  (boots unavailable)
Stlth    ++........             j - amulet of regeneration
HPRegen  1.04/turn              e - +5 ring of dexterity
MPRegen  0.11/turn              (no ring)

@: lethally poisoned (0 -> -11), marked, berserk cooldown, slowed, very slow
A: large, unfitting armour, claws 3, fast metabolism 3, gourmand, regeneration
1, shaggy fur 1, tough skin 3
a: Berserk, Trog's Hand, Brothers in Arms, Renounce Religion


You were on level 7 of the Dungeon.
You worshipped Trog.
Trog was greatly pleased with you.
You were very full.

You visited 1 branch of the dungeon, and saw 7 of its levels.

You collected 324 gold pieces.

Inventory:

Hand Weapons
 i - a +2 dagger of flaming
 u - a +0 shortbow
 v - a +4 whip
 x - a +1 mace of crushing
 I - a cursed -1 trident (weapon)
 N - the cursed +0 trident of Calamity {drain, rC+ Str+3 Int+4 Stlth+, unknown}
   (You found it on level 6 of the Dungeon)

   A truly terrible weapon, it drains the life of those it strikes.
   It affects your strength (+3).
   It affects your intelligence (+4).
   It protects you from cold.
   It makes you more stealthy.
   It has a curse placed upon it.
Missiles
 d - 66 arrows
 l - 119 bolts
 p - 11 large rocks (quivered)
 A - 5 tomahawks
 L - 19 poisoned needles
 P - 8 needles of sleeping
Armour
 q - a +0 shield (worn)
 B - a +0 robe (worn)
Jewellery
 e - a +5 ring of dexterity (left claw)
 j - an amulet of regeneration (around neck)
Wands
 D - a wand of random effects (17)
 M - a wand of paralysis (6)
Scrolls
 m - 3 scrolls of teleportation
 o - 2 scrolls of fear
 s - a scroll of magic mapping {unknown}
 w - a scroll of noise {unknown}
 y - a scroll of remove curse {unknown}
 E - 2 scrolls of enchant weapon
 K - 2 scrolls of blinking {unknown}
 O - a scroll of silence {unknown}
 Q - a scroll of enchant armour {unknown}
 R - a scroll of fog {unknown}
Potions
 a - a potion of brilliance {unknown}
 b - a potion of flight {unknown}
 g - a potion of heal wounds
 h - 2 potions of agility {unknown}
 k - a potion of ambrosia {unknown}
 n - a potion of invisibility {unknown}
 r - 2 potions of lignification {unknown}
 t - a potion of might {unknown}
 z - 3 potions of haste
 C - 3 potions of mutation {unknown}
 F - 2 potions of magic {unknown}
 G - a potion of berserk rage {unknown}
 H - a potion of degeneration {unknown}
 J - a potion of curing {unknown}
Comestibles
 c - 14 rations


   Skills:
 * Level 4.9 Fighting
 * Level 5.4 Maces & Flails
 - Level 1.2 Polearms
 * Level 1.1 Throwing
 * Level 5.8 Dodging
 * Level 4.6 Shields
 * Level 2.2 Evocations


You had 8 spell levels left.
You didn't know any spells.
Your spell library was empty.

Dungeon Overview and Level Annotations

Branches:
Dungeon (7/15)             Temple (0/1) D:6

Altars:
Cheibriados
Elyvilon
Fedhas
Gozag
Nemelex Xobeh
Qazlal
Sif Muna
Wu Jian
Xom
Zin
The Shining One


Innate Abilities, Weirdness & Mutations

You are too large for most types of armour.
You have claws for hands.
Your metabolism is lightning-fast.
You like to eat raw meat.
Your natural rate of healing is unusually fast.
You are covered in fur. (AC +1)
You have extremely tough skin. (AC +3)


Message History

* * * LOW HITPOINT WARNING * * *
You block the killer bee's attack. The killer bee stings you!
* * * LOW HITPOINT WARNING * * *
You are more poisoned.
The killer bee poisons you! The killer bee stings you.
* * * LOW HITPOINT WARNING * * *
A hound comes into view.
You block the killer bee's attack.
A hound comes into view.
You feel very sick. The killer bee stings you.
* * * LOW HITPOINT WARNING * * *
You are more poisoned.
The killer bee poisons you! The killer bee stings you.
* * * LOW HITPOINT WARNING * * *
The killer bee stings you but does no damage.
You block the killer bee's attack. The killer bee closely misses you.
The hound pauses to sniff the ground.
There is a stone staircase leading up, spattered with blood here.
You die...

#...........#####
#...........#...# #
#####...h...#.#.#
#########.........#.#
.......##[......Z.#.#
.......##...........#
.......##......O.####
.......####....yyy..#
.#.........#.#.y@.#.#
.#.........#.#..#.#.#
.#..................
.#..............#.###
.#...........h....#
.#..........^...###
.#.........##.###
##.........##.#
########### ..


You could see an ogre, 2 hounds, 4 killer bees and a bullfrog zombie.

Vanquished Creatures
  Grinder (D:4)
  Sigmund (D:6)
  Menkaure (D:4)
  Duvessa (D:4)
  2 ice beasts (D:5)
  2 phantoms
  A centaur (D:5)
  A bullfrog (D:7)
  Dowan (D:4)
  2 scorpions
  4 crimson imps
  2 bullfrog zombies
  2 hounds
  An orc priest (D:6)
  A gnoll shaman (D:5)
  An iron imp (D:6)
  An iguana (D:5)
  4 worker ants
  3 orc wizards
  A killer bee zombie (D:6)
  A hound skeleton (D:5)
  A worker ant zombie (D:5)
  8 gnolls
  A howler monkey skeleton (D:5)
  11 adders
  2 shadow imps
  An ooze (D:2)
  2 adder skeletons
  4 worms
  10 dart slugs
  4 leopard geckos
  18 orcs
  A ball python (D:3)
  6 giant cockroaches
  9 hobgoblins
  2 jackals (D:1)
  10 kobolds
  6 quokkas
  9 bats
  2 frilled lizards
  12 goblins
  A leopard gecko skeleton (D:5)
  6 rats
160 creatures vanquished.

Notes
Turn   | Place    | Note
-------+----------+-------------------------------------------
     0 | D:1      | whitewolfNL the Troll Berserker began the quest for the
                  | Orb.
     0 | D:1      | Reached XP level 1. HP: 22/22 MP: 0/0
   121 | D:1      | Reached XP level 2. HP: 23/29 MP: 1/1
   987 | D:2      | Reached XP level 3. HP: 36/36 MP: 2/2
  1126 | D:2      | Reached ** piety under Trog
  1746 | D:3      | Reached XP level 4. HP: 44/44 MP: 3/3
  1756 | D:3      | Found a blossoming altar of Fedhas.
  1756 | D:3      | Found a sparkling altar of Nemelex Xobeh.
  1936 | D:3      | Found a shimmering altar of Xom.
  1936 | D:3      | Found an opulent altar of Gozag.
  2126 | D:3      | Reached *** piety under Trog
  2126 | D:3      | Reached XP level 5. HP: 53/53 MP: 4/4
  2316 | D:3      | Reached skill level 1 in Shields
  2483 | D:3      | Found a glowing silver altar of Zin.
  2483 | D:3      | Found a glowing golden altar of the Shining One.
  2485 | D:3      | Found a white marble altar of Elyvilon.
  2524 | D:4      | Noticed Menkaure
  2553 | D:4      | Killed Menkaure
  2553 | D:4      | Reached XP level 6. HP: 41/61 MP: 5/5
  2900 | D:4      | Noticed Grinder
  2935 | D:4      | Killed Grinder
  2935 | D:4      | Reached XP level 7. HP: 32/68 MP: 6/6
  2985 | D:4      | Found a deep blue altar of Sif Muna.
  3180 | D:4      | Noticed Duvessa
  3181 | D:4      | Noticed Dowan
  3191 | D:4      | Killed Duvessa
  3191 | D:4      | Reached skill level 1 in Evocations
  3214 | D:4      | Killed Dowan
  3288 | D:4      | Reached skill level 1 in Polearms
  3479 | D:5      | Entered Level 5 of the Dungeon
  3484 | D:5      | Reached XP level 8. HP: 78/78 MP: 7/7
  3586 | D:5      | Found a stormy altar of Qazlal.
  3668 | D:5      | Reached skill level 5 in Maces & Flails
  3801 | D:5      | Found an ornate altar of the Wu Jian Council.
  3997 | D:5      | Reached skill level 5 in Dodging
  4188 | D:5      | Reached **** piety under Trog
  4676 | D:6      | Got a faintly glowing trident
  4689 | D:6      | Found a staircase to the Ecumenical Temple.
  4728 | D:6      | Found a faded altar of an unknown god.
  4795 | D:6      | Found a snail-covered altar of Cheibriados.
  4993 | D:6      | Noticed Sigmund
  5008 | D:6      | Killed Sigmund
  5008 | D:6      | Reached skill level 1 in Throwing
  5008 | D:6      | Reached XP level 9. HP: 82/87 MP: 9/9
  5407 | D:7      | Received a gift from Trog
  5467 | D:7      | HP: 3/87 [killer bee (5)]
  5468 | D:7      | Succumbed to a killer bee's poison

Skill      XL: |  1  2  3  4  5  6  7  8 |
---------------+-------------------------+-----
Maces & Flails | 3 4 5 |  5.4
Dodging        | 3 4 5 |  5.8
Fighting       | 3 4 |  4.9
Shields        | 1 2 3 4 |  4.6
Evocations     | 1 2 |  2.2
Polearms       | 1 |  1.2
Throwing       | 1 |  1.1

Action                   |  1- 3 |  4- 6 |  7- 9 || total
-------------------------+-------+-------+-------++-------
Melee: Mace              |    71 |    16 |       ||    87
       Dagger            |    76 |    29 |       ||   105
       Whip              |       |   128 |       ||   128
       Trident           |       |    23 |   480 ||   503
Invok: Berserk           |     1 |     4 |     6 ||    11
  Use: Potion            |       |     1 |       ||     1
       Scroll            |       |       |     4 ||     4
 Stab: Sleeping          |       |     2 |     2 ||     4
  Eat: Chunk             |    20 |    17 |    32 ||    69
Armor: Animal skin       |    85 |    11 |       ||    96
       Robe              |       |    53 |   121 ||   174
Dodge: Dodged            |    72 |    75 |   228 ||   375
Block: Shield            |    27 |    87 |   306 ||   420
